 Dungeon Crawl Stone Soup version 0.19.0-19-g8c6edcc (webtiles) character file.

198 MovingMist the Skirmisher (level 5, 0/34 HPs)
             Began as a Gargoyle Fighter on Nov 12, 2016.
             Slain by a slave (1 damage)
             ... led by Pikel
             ... on level 4 of the Dungeon.
             The game lasted 00:05:56 (2248 turns).

MovingMist the Skirmisher (Gargoyle Fighter)        Turns: 2248, Time: 00:05:57

Health: 0/34       AC: 13    Str: 25    XL:     5   Next: 76%
Magic:  5/5        EV:  6    Int:  8    God:
Gold:   149        SH:  9    Dex: 10    Spells: 0 memorised, 4 levels left

rFire  . . .     SeeInvis .     a - +0 flail
rCold  . . .     Gourm    .     i - +0 chain mail
rNeg   + . .     Faith    .     c - +0 shield
rPois  ∞         Spirit   .     (no helmet)
rElec  +         Reflect  .     (no cloak)
rCorr  .         Harm     .     (no gloves)
MR     .....                    (no boots)
Stlth  ..........               (no amulet)
                                (no ring)
                                (no ring)

@: mighty
A: negative energy resistance 1, electricity resistance, unbreathing,
petrification resistance, rot immunity, AC +4
a: no special abilities


You were on level 4 of the Dungeon.
You were not hungry.

You visited 1 branch of the dungeon, and saw 4 of its levels.

You collected 149 gold pieces.

Inventory:

Hand Weapons
 a - a +0 flail (weapon)
Armour
 c - a +0 shield (worn)
 i - a +0 chain mail (worn)
Scrolls
 e - 3 scrolls of identify {unknown}
 j - a scroll of blinking {unknown}
 l - a scroll of fog {unknown}
 m - a scroll of teleportation {unknown}
 n - a scroll of enchant weapon {unknown}
 q - 2 scrolls of remove curse {unknown}
 s - a scroll of amnesia {unknown}
Potions
 b - a potion of lignification {unknown}
 d - a potion of might
 k - a potion of resistance {unknown}
 p - a potion of heal wounds {unknown}
Books
 r - Kikubaaqudgha's Disquisition on Stolen Souls
   (Kikubaaqudgha gifted it to you on level 3 of the Dungeon)

   Spells                             Type                      Level
   a - Animate Skeleton               Necromancy                   1
   b - Pain                           Necromancy                   1
   c - Corpse Rot                     Necromancy                   2
   d - Regeneration                   Charms/Necromancy            3
   e - Control Undead                 Necromancy                   4
Comestibles
 f - 2 bread rations
 g - a slice of pizza
 o - 2 chunks of flesh


   Skills:
 + Level 4.6 Fighting
 + Level 3.2 Maces & Flails
 + Level 4.2 Armour
 * Level 1.9 Dodging
 - Level 3.4 Shields


You had 4 spell levels left.
You didn't know any spells.

Dungeon Overview and Level Annotations

Branches:
Dungeon (4/15)
 Temple: D:4-7

Altars:
Kikubaaqudgha

Annotations:
D:4 Pikel


Innate Abilities, Weirdness & Mutations

You are resistant to torment.
Your stone body is resilient. (AC +4)
You are immune to poison.
You resist negative energy. (rN+)
You are resistant to electric shocks. (rElec)
You can survive without breathing.
You are immune to petrification.
You are immune to rotting.


Message History

Pikel is heavily wounded.
Pikel hits you but does no damage. The slave hits you but does no damage.
You block the slave's attack. x3; The slave hits you but does no damage.
Pikel hits you but does no damage.
You hit Pikel.
Pikel is severely wounded.
You block the slave's attack. Pikel hits you but does no damage.
The slave hits you.
* * * LOW HITPOINT WARNING * * *
The slave hits you but does no damage.
You barely miss Pikel.
Pikel is severely wounded.
You block the slave's attack. Pikel hits you but does no damage.
The slave hits you.
* * * LOW HITPOINT WARNING * * *
You block the slave's attack. The slave hits you but does no damage.
The slave hits you.
* * * LOW HITPOINT WARNING * * *
Pikel hits you but does no damage. The slave hits you.
You die...

#...##.# .#..#
#...# #...##...
#...# ### #...#
#...# #...#
#...### #....
#.....# ##.#.p#
###.#pK#
#...#p@#
#K###.p# #p#
#..# #. #.#
#..### ..<. #K#
#..#.##...#.
#p###....†......
#.............=#
##############.#


You could see Pikel and 4 slaves.

Vanquished Creatures
  An orc priest (D:3)
  An orc wizard (D:3)
  Ijyb (D:2)
  4 adders
  3 worms
  4 leopard geckos
  6 orcs (D:3)
  A ball python (D:1)
  3 giant cockroaches
  7 goblins
  5 hobgoblins
  7 kobolds
  3 quokkas
  5 bats
  2 frilled lizards
  10 rats
63 creatures vanquished.

Notes
Turn   | Place    | Note
-------+----------+-------------------------------------------
     0 | D:1      | MovingMist the Gargoyle Fighter began the quest for the Orb.
     0 | D:1      | Reached XP level 1. HP: 14/14 MP: 1/1
    62 | D:1      | Reached XP level 2. HP: 18/19 MP: 2/2
   464 | D:2      | Reached XP level 3. HP: 21/24 MP: 3/3
   470 | D:2      | Noticed Ijyb
   493 | D:2      | Killed Ijyb
   646 | D:2      | Reached XP level 4. HP: 28/29 MP: 4/4
  1022 | D:3      | Reached skill level 1 in Dodging
  1376 | D:3      | Reached XP level 5. HP: 33/34 MP: 5/5
  1404 | D:3      | HP: 1/34 [orc priest (4)]
  1723 | D:3      | Found a faded altar of an unknown god.
  1978 | D:3      | Became a worshipper of Kikubaaqudgha
  1978 | D:3      | Reached * piety under Kikubaaqudgha
  1978 | D:3      | Identified Kikubaaqudgha's Disquisition on Stolen Souls (Kikubaaqudgha gifted it to you on level 3 of the Dungeon)
  1978 | D:3      | Received a gift from Kikubaaqudgha
  1985 | D:3      | Fell from the grace of Kikubaaqudgha
  2198 | D:4      | Noticed a slave
  2199 | D:4      | Noticed Pikel
  2199 | D:4      | Noticed a slave
  2200 | D:4      | Noticed a slave
  2202 | D:4      | Noticed a slave
  2248 | D:4      | HP: 1/34 [slave[Pikel] (3)]
  2248 | D:4      | Slain by a slave

Skill      XL: |  1  2  3  4  5 |
---------------+----------------+-----
Fighting       | 4 |  4.6
Dodging        | 1 |  1.9
Armour         | 4 |  4.2
Maces & Flails | 3 |  3.2
Shields        | |  3.4

Action                   |  1- 3 |  4- 6 || total
-------------------------+-------+-------++-------
Melee: Flail             |   115 |   241 ||   356
Invok: Renounce Religion |       |     1 ||     1
  Use: Potion            |       |     2 ||     2
  Eat: Chunk             |       |     5 ||     5
Armor: Scale mail        |    59 |       ||    59
       Chain mail        |    17 |   175 ||   192
Dodge: Dodged            |    27 |    61 ||    88
Block: Shield            |    46 |   148 ||   194
